 Dungeon Crawl Stone Soup version 0.30-a0-141-g30f27751c5 (webtiles) character file.

Game seed: 16662521331349351104

21186 Zonian the Party-goer (level 12, -10/67 HPs)
             Began as a Vine Stalker Fighter on Sept 25, 2022.
             Was the Champion of Uskayaw.
             Mangled by a death yak (12 damage)
             ... on level 3 of the Lair of Beasts.
             The game lasted 00:50:41 (15747 turns).

Zonian the Party-goer (Vine Stalker Fighter)       Turns: 15747, Time: 00:50:41

Health: -10/67     AC: 11    Str: 20    XL:     12   Next: 87%
Magic:  0/21       EV: 10    Int:  8    God:    Uskayaw [******]
Gold:   667        SH: 13    Dex: 18    Spells: 11/11 levels left

rFire   . . .      SeeInvis .    q - +5 short sword
rCold   . . .      Faith    .    c - +2 buckler
rNeg    . . .      Spirit   +    b - +0 scale mail
rPois   .          Reflect  +    (no helmet)
rElec   .          Harm     .    (no cloak)
rCorr   .          Rampage  .    u - +1 pair of gloves
Will    +....                    o - +1 pair of boots
Stlth   ++........               L - amulet of reflection
HPRegen 1.01/turn                (no ring)
MPRegen 0.17/turn                (no ring)

@: hasted, very quick
A: fangs 3, regeneration 1, magic shield, antimagic bite, no potion heal 2
a: Renounce Religion, Stomp, Line Pass, Grand Finale


You were on level 3 of the Lair of Beasts.
You worshipped Uskayaw.
Uskayaw was aware of your devotion.
You visited 3 branches of the dungeon, and saw 12 of its levels.
You also visited: Ossuary.

You collected 775 gold pieces.
You spent 108 gold pieces at shops.

Inventory:

Hand Weapons
 a - a +1 rapier
 m - a +0 dagger of flaming
 q - a +5 short sword (weapon)
 v - a +0 vorpal hand axe
 A - a +1 dagger of venom
 C - a +0 dagger of draining
 H - a +4 long sword of freezing
 K - a +1 dagger of venom
 O - a +0 sling
 Q - a +2 dagger of venom
Missiles
 s - 9 boomerangs
 B - 12 poisoned darts (quivered)
 I - 3 curare-tipped darts
Armour
 b - a +0 scale mail (worn)
 c - a +2 buckler (worn)
 o - a +1 pair of boots (worn)
 p - a +0 kite shield
 u - a +1 pair of gloves (worn)
 G - a +1 robe of willpower
Jewellery
 E - a +6 ring of intelligence
 L - an amulet of reflection (around neck)
Wands
 x - a wand of mindburst (6)
 y - a wand of iceblast (6)
 D - a wand of light (15)
 J - a wand of flame (13)
 P - a wand of polymorph (5)
Scrolls
 h - 4 scrolls of teleportation
 w - 2 scrolls of fear
 F - a scroll of enchant armour
 M - 2 scrolls of magic mapping
 R - a scroll of poison
Potions
 d - 4 potions of might
 e - 4 potions of brilliance
 g - 3 potions of flight
 i - a potion of mutation
 j - 9 potions of curing
 k - 3 potions of lignification
 l - 2 potions of ambrosia
 n - a potion of attraction {unknown}
 r - a potion of cancellation {unknown}
 t - a potion of resistance {unknown}
 z - a potion of berserk rage {unknown}


   Skills:
 - Level 10.0 Fighting
 - Level 10.0 Short Blades
 - Level 5.0 Throwing
 - Level 4.0 Armour
 + Level 2.6 Dodging
 - Level 5.0 Stealth
 - Level 5.0 Shields
 - Level 11.7 Invocations


You had 11 spell levels left.
You didn't know any spells.
Your spell library contained the following spells:

 Spells                   Type           Power      Damage    Failure   Level
 Apportation              Tloc           0%         N/A       83%         1
 Magic Dart               Conj           0%         1d3       83%         1
 Sandblast                Erth           0%         2d4       83%         1
 Shock                    Conj/Air       0%         1d3       83%         1
 Slow                     Hex            0%         N/A       83%         1
 Blink                    Tloc           0%         N/A       93%         2
 Ensorcelled Hibernation  Hex/Ice        0%         N/A       93%         2
 Passwall                 Tmut/Erth      0%         N/A       93%         2
 Searing Ray              Conj           0%         2d4       93%         2
 Sublimation of Blood     Necr           0%         N/A       93%         2
 Wereblood                Tmut           0%         N/A       93%         2
 Confusing Touch          Hex            0%         N/A       99%         3
 Inner Flame              Hex/Fire       0%         N/A       99%         3
 Kindle Blastsparks       Fire/Tloc/Air  0%         2d10      99%         3
 Lesser Beckoning         Tloc           0%         N/A       99%         3
 Ozocubu's Armour         Ice            0%         N/A       99%         3
 Spider Form              Tmut/Pois      0%         N/A       99%         3
 Stone Arrow              Conj/Erth      0%         3d7       99%         3
 Vampiric Draining        Necr           0%         2d6       99%         3
 Anguish                  Hex/Necr       0%         N/A       100%        4
 Cause Fear               Hex            0%         N/A       100%        4
 Fulminant Prism          Conj/Hex       0%         3d6       100%        4
 Iskenderun's Mystic Bla  Conj/Tloc      0%         2d3       100%        4
 Manifold Assault         Tloc           0%         N/A       100%        4
 Passage of Golubria      Tloc           0%         N/A       100%        4
 Lee's Rapid Deconstruct  Erth           0%         3d5*      100%        5
 Conjure Ball Lightning   Conj/Air       0%         3x3d6     100%        6
 Ozocubu's Refrigeration  Ice            0%         4d7       100%        7
 Spellforged Servitor     Conj/Summ      0%         N/A       100%        7
 Summon Hydra             Summ           0%         N/A       100%        7
 Discord                  Hex            0%         N/A       100%        8


Dungeon Overview and Level Annotations

Branches:
Dungeon (8/15)             Temple (1/1) D:7            Lair (3/5) D:8
  Swamp (0/4) Lair:2      Ossuary (visited)
  Snake: Lair:2-3    Spider: Lair:2-3

Altars:
Ashenzari
Cheibriados
Dithmenos
Elyvilon
Fedhas
Gozag
Kikubaaqudgha
Makhleb
Nemelex Xobeh
Qazlal
Ru
Sif Muna
Trog
Uskayaw
Vehumet
Yredelemnul
Zin
The Shining One

Shops:
D:3 !

Annotations:
Temple 2 transporters


Innate Abilities, Weirdness & Mutations

You have razor-sharp teeth.
Your natural rate of healing is unusually fast.
When hurt, damage is shared between your health and your magic reserves.
Your bite disrupts and absorbs the magic of your enemies.
Potions cannot restore your health.


Message History

Press: ? - help, Dir - move target, p - death yak
Okay, then.
Okay, then.
Okay, then.
Okay, then.
You hit the death yak.
You bite the death yak, but do no damage.
The death yak is almost dead.
The death yak barely misses you.
You hit the death yak but do no damage.
The death yak is almost dead.
You hit the death yak.
You kill the death yak!
Your Dodging skill increases to level 2!
Okay, then.
You barely miss the death yak.
You bite the death yak, but do no damage.
The death yak is lightly wounded.
You hit the death yak.
You bite the death yak, but do no damage.
The death yak is lightly wounded.
The death yak barely misses you.
You hit the death yak but do no damage. Your bite misses the death yak.
The death yak is lightly wounded.
You hit the death yak but do no damage.
The death yak is lightly wounded.
The death yak gores you.
* * * LOW HITPOINT WARNING * * *
You hit the death yak but do no damage.
The death yak is lightly wounded.
You hit the death yak but do no damage.
The death yak is lightly wounded.
The death yak gores you!
* * * LOW HITPOINT WARNING * * *
Okay, then.
Okay, then.
Okay, then.
Okay, then.
You feel yourself speed up. The death yak gores you!
You die...

# .# Y. #####
#.# .
....#[..###..#
#.
...(..((†Y@..#
..
!...###..#####
.. .## ##..#
..#.# #..##
..#.# ##.##
....# #..#
...### .# #.##
.....#.##
##.##
........#
#...#


You could see a death yak.

Vanquished Creatures
  A boulder beetle (Lair:1)
  5 death yaks (Lair:3)
  A two-headed ogre (D:8)
  4 elephants
  5 cane toads
  A rime drake (Lair:1)
  4 komodo dragons
  Prince Ribbit (D:7)
  23 yaks
  2 wyverns (Lair:2)
  6 culicivoras
  A vampire (D:8)
  4 basilisks
  A steam dragon (D:8)
  A redback (Lair:3)
  10 water moccasins
  Duvessa (D:7)
  5 orc warriors
  2 ice beasts
  A sky beast (D:7)
  7 black bears
  12 wolves
  An ogre (D:6)
  A centaur (D:5)
  A phantom (D:6)
  3 kobold brigands
  9 bullfrogs
  11 scorpions
  Dowan (D:7)
  7 wights
  5 howler monkeys
  A centaur zombie (Ossuary)
  3 hounds
  A human zombie (Ossuary)
  5 orc priests
  A gnoll bouda (D:6)
  2 jellies
  2 iguanas
  5 orc wizards
  2 scorpion zombies (Ossuary)
  3 mummies (Ossuary)
  10 gnolls
  6 adders
  4 white imps
  An ufetubus (D:6)
  2 worms
  6 dart slugs
  42 orcs
  7 endoplasms
  2 giant cockroaches
  A gnoll zombie (Ossuary)
  6 goblins
  8 hobgoblins
  2 jackals (D:1)
  19 kobolds
  2 quokkas (D:3)
  5 ball pythons
  4 bats
  4 frilled lizards
  5 goblin zombies (Ossuary)
  2 kobold zombies (Ossuary)
  An orc zombie (Ossuary)
  9 rats
310 creatures vanquished.

Vanquished Creatures (collateral kills)
  A hydra (Lair:2)
1 creature vanquished.

Vanquished Creatures (others)
  A human (D:6)
  A bush (Lair:2)
  50 fungi
  56 plants
108 creatures vanquished.

Grand Total: 419 creatures vanquished

Notes
Turn   | Place    | Note
-------+----------+-------------------------------------------
     0 | D:1      | Zonian the Vine Stalker Fighter began the quest for the
                  | Orb.
     0 | D:1      | Reached XP level 1. HP: 11/11 MP: 2/2
   286 | D:1      | Reached XP level 2. HP: 12/16 MP: 3/3
   930 | D:1      | Reached XP level 3. HP: 19/19 MP: 4/4
   937 | D:1      | Found a faded altar of an unknown god.
  2069 | D:2      | Gained mutation: Your natural rate of healing is unusually
                  | fast. [Vine Stalker growth]
  2069 | D:2      | Reached XP level 4. HP: 23/24 MP: 5/5
  2863 | D:3      | Found Tolaulabo's Distillery.
  2867 | D:3      | Bought 2 potions of lignification for 72 gold pieces
  2867 | D:3      | Bought a potion of curing for 36 gold pieces
  3191 | D:4      | Reached XP level 5. HP: 27/28 MP: 6/6
  3485 | D:4      | Noticed a black bear
  3498 | D:4      | Killed a black bear
  3499 | D:4      | Reached XP level 6. HP: 31/32 MP: 5/7
  3705 | D:4      | Reached skill level 5 in Short Blades
  4321 | D:4      | Reached XP level 7. HP: 20/36 MP: 5/8
  4465 | D:5      | Entered Level 5 of the Dungeon
  4696 | D:5      | Found a sand-covered staircase.
  4756 | Ossuary  | Entered an ossuary
  5452 | Ossuary  | Gained mutation: You have razor-sharp teeth. [Vine Stalker
                  | growth]
  5452 | Ossuary  | Reached XP level 8. HP: 40/40 MP: 9/9
  5818 | D:5      | Reached skill level 5 in Shields
  6973 | D:5      | You fall into a shaft and drop 1 floor!
  7207 | D:5      | Reached XP level 9. HP: 44/44 MP: 10/10
  7491 | D:5      | Got the Precepts of the Many Deaths
  8088 | D:6      | Reached skill level 10 in Short Blades
  8098 | D:6      | Found an ancient bone altar of Kikubaaqudgha.
  9088 | D:7      | Reached skill level 5 in Fighting
  9152 | D:7      | Noticed Prince Ribbit
  9192 | D:7      | Found a staircase to the Ecumenical Temple.
  9197 | Temple   | Entered the Ecumenical Temple
  9197 | Temple   | Found a transporter.
  9197 | Temple   | Found a transporter.
  9199 | Temple   | Found a transporter.
  9199 | Temple   | Found a transporter.
  9219 | Temple   | Became a worshipper of Uskayaw the Reveller
  9258 | D:7      | Reached * piety under Uskayaw
  9259 | D:7      | Reached ** piety under Uskayaw
  9266 | D:7      | Reached *** piety under Uskayaw
  9271 | D:7      | Reached **** piety under Uskayaw
  9325 | D:7      | Killed Prince Ribbit
  9326 | D:7      | Reached skill level 1 in Invocations
  9458 | D:7      | Reached XP level 10. HP: 51/53 MP: 10/12
  9462 | D:7      | Reached skill level 2 in Invocations
  9625 | D:7      | Noticed Duvessa
  9625 | D:7      | Noticed Dowan
  9649 | D:7      | Killed Duvessa
  9787 | D:7      | Killed Dowan
  9993 | D:8      | Reached skill level 3 in Invocations
 10361 | D:8      | Reached skill level 4 in Invocations
 10435 | D:8      | Found a staircase to the Lair.
 10700 | D:8      | Noticed a two-headed ogre
 10708 | D:8      | Killed a two-headed ogre
 10709 | D:8      | Reached skill level 5 in Invocations
 11329 | Lair:1   | Entered Level 1 of the Lair of Beasts
 11335 | Lair:1   | Noticed a cane toad
 11344 | Lair:1   | Killed a cane toad
 11345 | Lair:1   | Reached XP level 11. HP: 62/62 MP: 15/15
 11561 | Lair:1   | Got the Volume of Gritty Blasting
 11643 | Lair:1   | Reached skill level 10 in Fighting
 11712 | Lair:1   | Noticed a boulder beetle
 11723 | Lair:1   | Killed a boulder beetle
 11724 | Lair:1   | Reached skill level 6 in Invocations
 12093 | Lair:1   | Reached skill level 7 in Invocations
 12469 | Lair:1   | Reached skill level 8 in Invocations
 13138 | Lair:2   | Reached ***** piety under Uskayaw
 13139 | Lair:2   | Reached skill level 9 in Invocations
 13154 | Lair:1   | Reached ****** piety under Uskayaw
 13577 | Lair:2   | Reached skill level 10 in Invocations
 13685 | Lair:2   | Found a staircase to the Swamp.
 13727 | Lair:2   | Reached XP level 12. HP: 52/67 MP: 20/20
 13918 | Lair:2   | Reached skill level 11 in Invocations
 14094 | Lair:2   | Noticed a six-headed hydra
 14184 | Lair:2   | You fall into a shaft and drop 1 floor!
 14269 | Lair:2   | Reached skill level 1 in Stealth
 14273 | Lair:2   | Reached skill level 1 in Throwing
 14343 | Lair:2   | Killed a six-headed hydra
 15689 | Lair:3   | Noticed a death yak
 15690 | Lair:3   | Noticed a death yak
 15702 | Lair:3   | Noticed a death yak
 15702 | Lair:3   | Noticed a death yak
 15703 | Lair:3   | Noticed a death yak
 15707 | Lair:3   | Noticed a death yak
 15711 | Lair:3   | Killed a death yak
 15712 | Lair:3   | Reached skill level 5 in Stealth
 15718 | Lair:3   | Killed a death yak
 15718 | Lair:3   | Killed a death yak
 15719 | Lair:3   | Reached skill level 5 in Throwing
 15728 | Lair:3   | Killed a death yak
 15729 | Lair:3   | Reached skill level 1 in Dodging
 15740 | Lair:3   | Killed a death yak
 15746 | Lair:3   | HP: 1/67 [death yak (7)]
 15747 | Lair:3   | Mangled by a death yak

Illustrated notes

Levels and vault maps discovered:
D:1:      dpeg_arrival_radiant, layout_basic,
          shapermc_ecumenical_altar_notcrosses
D:2:      layout_basic
D:3:      layout_rooms, serial_shops, nicolae_shop_behind_doors, st_stairs_4
D:4:      layout_loops_ring, corexii_shack, minivault_11
D:5:      cheibrodos_thug_alley, layout_basic,
          nicolae_ossuary_entry_false_entrances, chequers_arboretum,
          corexii_item_surrounded_by_moat, minmay_misc_feat_secret_circle,
          kennysheep_big_empty_room
D:6:      layout_gridville, tgw_kikubaaqudgha
D:7:      layout_basic, temple_doors_cd, dk_noncrumbling_4, uniq_prince_ribbit1,
          uniq_duvessa
D:8:      layout_loops_ring, due_lair_maze_entry_diamond,
          hangedman_minor_gate_pass
Temple:   hellmonk_temple_divided_pantheon
Lair:1:   layout_cave_pods, st_stairs_9
Lair:2:   layout_loops_ring, swamp_mist, infiniplex_staircase_pool_2
Lair:3:   layout_loops_ring, nicolae_spider_entry_tight_spaces

Skill      XL: |  1  2  3  4  5  6  7  8  9 10 11 12 |
---------------+-------------------------------------+-----
Short Blades   | 2 3 4 5 6 8 10 | 10.0
Shields        | 3 4 5 |  5.0
Fighting       | 3 6 9 10 | 10.0
Armour         | 3 4 |  4.0
Invocations    | 1 5 10 11 | 11.7
Stealth        | 5 |  5.0
Throwing       | 5 |  5.0
Dodging        | 2 |  2.6

Action                   |  1- 3 |  4- 6 |  7- 9 | 10-12 || total
-------------------------+-------+-------+-------+-------++-------
Melee: Rapier            |   106 |   182 |   272 |       ||   560
       Bite              |    17 |    55 |   182 |   241 ||   495
       Short sword       |       |       |   145 |   611 ||   756
       Dagger            |       |       |    53 |       ||    53
Throw: Dart              |       |       |    10 |    27 ||    37
       Boomerang         |       |       |     1 |     8 ||     9
Invok: Line Pass         |       |       |       |     3 ||     3
Evoke: Wand              |       |       |     1 |    13 ||    14
  Use: Scroll            |     4 |     4 |    12 |     8 ||    28
       Potion            |       |     2 |     1 |     4 ||     7
 Stab: Paralysed         |       |       |     1 |    41 ||    42
       Invisible         |       |       |       |     2 ||     2
Armor: Scale mail        |    34 |    56 |   167 |   115 ||   372
Dodge: Dodged            |    35 |    68 |   139 |   102 ||   344
Block: Buckler           |    20 |    40 |   132 |   132 ||   324

Table legend: (Time is in decaauts)
 A = Elapsed time spent in this place.
 B = Non-inter-level travel time spent in this place.
 C = Inter-level travel time spent in this place.
 D = Time resting spent in this place.
 E = Time spent auto-exploring this place.
 F = Levels seen in this place.
 G = Mean time per level.
                   A        B        C        D        E       F      G
               +--------+--------+--------+--------+--------+-----+--------+
         Total |  15360 |  15015 |    345 |   6091 |   5316 |  13 | 1181.5 |
       Dungeon |  10171 |   9892 |    279 |   3400 |   4196 |   8 | 1271.4 |
        Temple |     40 |     40 |      0 |      0 |      1 |   1 |   40.0 |
          Lair |   4212 |   4147 |     65 |   2206 |   1102 |   3 | 1404.0 |
       Ossuary |    936 |    936 |      0 |    485 |     17 |   1 |  936.0 |
               +--------+--------+--------+--------+--------+-----+--------+

Top non-repeatable levels by time:
  Lair:1: 2104 daAuts
  Lair:2: 1903 daAuts
     D:4: 1870 daAuts
     D:5: 1409 daAuts
     D:6: 1342 daAuts
     D:8: 1294 daAuts
     D:2: 1282 daAuts
     D:1: 1232 daAuts
     D:7: 1057 daAuts
 Ossuary: 936 daAuts
     D:3: 682 daAuts
  Lair:3: 204 daAuts
  Temple: 40 daAuts
